 Dungeon Crawl Stone Soup version 0.29.0-4-gdea44cf6ec (webtiles) character file.

Game seed: 8293729380803032241

63 qw the Chopper (level 4, -3/26 HPs)
             Began as a Tengu Warper on Aug 28, 2022.
             Slain by Grinder (4 damage)
             ... on level 3 of the Dungeon.
             The game lasted 00:00:13 (2618 turns).

qw the Chopper (Tengu Warper)                       Turns: 2618, Time: 00:00:13

Health: -3/26      AC:  8    Str: 13    XL:     4   Next: 10%
Magic:  8/8        EV:  4    Int: 14    God:
Gold:   108        SH:  8    Dex: 13    Spells: 7/7 levels left

rFire   . . .      SeeInvis .   Y - +0 hand axe
rCold   . . .      Faith    .   o - +0 kite shield
rNeg    . . .      Spirit   .   p - +0 chain mail
rPois   .          Reflect  .   (helmet restricted)
rElec   .          Harm     .   (no cloak)
rCorr   .          Rampage  .   (no gloves)
Will    .....                   (boots unavailable)
Stlth   ..........              (no amulet)
HPRegen 0.08/turn               (no ring)
MPRegen 0.11/turn               (no ring)

@: no status effects
A: beak, talons 3
a: no special abilities


You were on level 3 of the Dungeon.
You visited 1 branch of the dungeon, and saw 3 of its levels.

You collected 108 gold pieces.


Innate Abilities, Weirdness & Mutations

You have a beak for a mouth.
You have claws for feet.


   Skills:
 - Level 2.0 Fighting
 - Level 4.0 Axes
 - Level 1.0 Throwing
 - Level 1.1 Armour
 - Level 2.1 Dodging
 + Level 2.0 Shields
 - Level 2.0 Spellcasting
 - Level 2.4 Translocations


You had 7 spell levels left.
You didn't know any spells.
Your spell library contained the following spells:

 Spells                   Type           Power      Damage    Failure   Level
 Blink                    Tloc           16%        N/A       100%        2
 Gell's Gravitas          Tloc           8%         N/A       100%        3
 Lesser Beckoning         Tloc           8%         N/A       100%        3
 Teleport Other           Tloc           8%         N/A       100%        3
 Manifold Assault         Tloc           8%         N/A       100%        5

Inventory:

Hand Weapons
 a - a +0 whip
 Y - a +0 hand axe (weapon)
Armour
 o - a +0 kite shield (worn)
 p - a +0 chain mail (worn)
Scrolls
 b - a scroll of identify
Potions
 c - a potion of cancellation {unknown}
 e - a potion of mutation {unknown}
 f - a potion of flight {unknown}
 k - a potion of degeneration {unknown}
 m - a potion of resistance {unknown}
 n - 2 potions of heal wounds {unknown}

Dungeon Overview and Level Annotations

Branches:
Dungeon (3/15)

Altars:

Annotations:
D:3 Grinder


Message History

You kill the bat!
You start resting.
HP restored.
You see here a bat corpse.
Found a book of Changes.
An endoplasm comes into view.
The endoplasm quivers.
You hit the endoplasm.
The endoplasm is heavily wounded.
The endoplasm barely misses you.
You barely miss the endoplasm. You claw the endoplasm.
You kill the endoplasm!
Your Axes skill increases to level 4!
Grinder comes into view.
Grinder shouts!
2608 ||| Stepping ~*~*~tactically~*~*~ (hiding).
You start waiting.
Grinder is nearby!
Grinder hits you but does no damage.
You barely miss Grinder. Your kick misses Grinder. You peck Grinder.
Grinder is lightly wounded.
You block Grinder's attack. Grinder gestures at you.
Pain shoots through your body!
You hit Grinder. Your kick misses Grinder. You peck Grinder.
Grinder is lightly wounded.
Grinder hits you.
You writhe in agony.
You hit Grinder but do no damage. You claw Grinder. Your peck misses Grinder.
Grinder is moderately wounded.
Grinder says, "Are you a fish?" Grinder hits you.
You writhe in agony.
You barely miss Grinder.
Grinder is moderately wounded.
Grinder says, "Wait up."
You block Grinder's attack. Grinder hits you but does no damage.
You barely miss Grinder. You claw Grinder, but do no damage.
You peck Grinder, but do no damage.
Grinder is moderately wounded.
Grinder hits you.
You writhe in agony.
You die...

.# .#
.. .#
.# .#
####5#
#..@.#
#.#..#
#####
#.#..#
#...#
#.#..#
#...#
#.#..#
#...#
#.#..#
#...#
#.#...
#...#
#.#.##
#...#
#.#
#...##


You could see Grinder.

Vanquished Creatures
  An adder (D:3)
  2 worms
  4 ball pythons (D:2)
  5 bats
  6 endoplasms
  3 giant cockroaches
  3 goblins
  5 hobgoblins
  4 jackals (D:1)
  A kobold (D:1)
  2 quokkas (D:2)
  6 rats (D:1)
42 creatures vanquished.

Vanquished Creatures (others)
  9 fungi (D:3)
  A plant (D:2)
  5 toadstools (D:3)
15 creatures vanquished.

Grand Total: 57 creatures vanquished

Notes
Turn   | Place    | Note
-------+----------+-------------------------------------------
     0 | D:1      | qw the Tengu Warper began the quest for the Orb.
     0 | D:1      | Reached XP level 1. HP: 12/12 MP: 4/4
     0 | D:1      | 0 ||| qw: Version: 0.1-a-89-g26bdef1
     0 | D:1      | 0 ||| qw: Game counter: 2455
     0 | D:1      | 0 ||| qw: Always use a shield: true
     0 | D:1      | 0 ||| qw: God list: Okawaru
     0 | D:1      | 0 ||| qw: Allow faded altars: false
     0 | D:1      | 0 ||| qw: Do Orc after D:15 true
     0 | D:1      | 0 ||| qw: Do second Lair branch before Depths: true
     0 | D:1      | 0 ||| qw: Lair rune preference: random
     0 | D:1      | 0 ||| qw: Plans: Normal
     0 | D:1      | 0 ||| PLANNING D:1-11
   181 | D:1      | 181 ||| Stepping ~*~*~tactically~*~*~ (stealth).
   184 | D:1      | 184 ||| Stepping ~*~*~tactically~*~*~ (stealth).
   186 | D:1      | 186 ||| Stepping ~*~*~tactically~*~*~ (stealth).
   189 | D:1      | Reached skill level 3 in Axes
   189 | D:1      | Reached XP level 2. HP: 17/17 MP: 6/6
   190 | D:1      | 190 ||| Stepping ~*~*~tactically~*~*~ (stealth).
   616 | D:1      | Found a faded altar of an unknown god.
   745 | D:1      | Reached XP level 3. HP: 21/21 MP: 7/7
  1007 | D:1      | 1007 ||| UPGRADING to +0 ring mail.
  1017 | D:1      | 1017 ||| DROPPING +0 leather armour.
  1018 | D:1      | 1018 ||| UPGRADING to +0 scale mail.
  1028 | D:1      | 1028 ||| DROPPING +0 ring mail.
  1029 | D:1      | 1029 ||| UPGRADING to +0 kite shield.
  1034 | D:1      | 1034 ||| UPGRADING to +0 chain mail.
  1044 | D:1      | 1044 ||| DROPPING +0 scale mail.
  1045 | D:1      | 1045 ||| READING scroll labelled HIEPTYPSUBB.
  1046 | D:1      | 1046 ||| READING scroll labelled CUALAH MOFICE.
  1047 | D:1      | 1047 ||| READING scroll labelled YSSAER CORYKUE.
  1048 | D:1      | 1048 ||| DROPPING scroll of blinking.
  1078 | D:2      | 1078 ||| DROPPING +0 club.
  1398 | D:2      | Reached skill level 1 in Shields
  1606 | D:2      | 1606 ||| Stepping ~*~*~tactically~*~*~ (stealth).
  1619 | D:2      | 1619 ||| Stepping ~*~*~tactically~*~*~ (stealth).
  1621 | D:2      | 1621 ||| Stepping ~*~*~tactically~*~*~ (stealth).
  2171 | D:3      | HP: 5/21 [worm (4)]
  2174 | D:3      | Reached XP level 4. HP: 6/26 MP: 8/8
  2430 | D:3      | Identified the +6 dagger of Internal Strife {vorpal, rElec
                  | rC- Dex+2}
  2607 | D:3      | Reached skill level 4 in Axes
  2607 | D:3      | Noticed Grinder
  2608 | D:3      | 2608 ||| Stepping ~*~*~tactically~*~*~ (hiding).
  2618 | D:3      | HP: 1/26 [Grinder (6)]
  2618 | D:3      | Slain by Grinder

Levels and vault maps discovered:
D:1:      matt_arrival_diagonals, layout_loops_ring,
          shapermc_ecumenical_altar_flowoftime
D:2:      layout_basic, minmay_misc_feat_plants
D:3:      layout_basic, gammafunk_temple_overflow_elements,
          minmay_gold_behind_fungi, uniq_grinder

Skill      XL: |  1  2  3  4 |
---------------+-------------+-----
Axes           | 3 4 |  4.0
Shields        | 2 |  2.0
Fighting       | |  2.0
Throwing       | |  1.0
Armour         | |  1.1
Dodging        | |  2.1
Spellcasting   | |  2.0
Translocations | |  2.4

Action                   |  1- 3 |  4- 6 || total
-------------------------+-------+-------++-------
Melee: Hand axe          |   100 |    13 ||   113
       Kick              |    29 |     3 ||    32
       Peck              |    13 |     5 ||    18
       Punch             |     1 |       ||     1
Throw: Boomerang         |     7 |       ||     7
  Use: Scroll            |     3 |       ||     3
Armor: Leather armour    |    13 |       ||    13
       Chain mail        |    27 |     5 ||    32
Dodge: Dodged            |    29 |     1 ||    30
Block: Kite shield       |    17 |     5 ||    22

Table legend:
 A = Non-vault XP
 B = Vault XP
 C = Vault XP percentage of total XP
 D = Non-vault monster count
 E = Vault monster count
 F = Vault count percentage of total count
                 A         B        C        D         E       F
            +---------+---------+-------+---------+---------+-------
      Total |      91 |       0 |   0.0 |      42 |       0 |   0.0
            +---------+---------+-------+---------+---------+-------
        D:1 |      36 |       0 |   0.0 |      21 |       0 |   0.0
        D:2 |      30 |       0 |   0.0 |      15 |       0 |   0.0
        D:3 |      25 |       0 |   0.0 |       6 |       0 |   0.0
            +---------+---------+-------+---------+---------+-------
